 Dungeon Crawl Stone Soup version 0.29.1-2-gbd0b4ee654 (webtiles) character file.

Game seed: 6277243612697561164

14790 croobank the Destroyer (level 11, -2/86 HPs)
             Began as a Demonspawn Conjurer on Nov 28, 2022.
             Was an Initiate of Gozag.
             Slain by a seven-headed hydra (4 damage)
             ... on level 1 of the Lair of Beasts on Nov 29, 2022.
             The game lasted 01:43:28 (13863 turns).

croobank the Destroyer (Demonspawn Conjurer)       Turns: 13863, Time: 01:43:28

Health: -2/86      AC: 11    Str:  9    XL:     11   Next: 93%
Magic:  31/31      EV: 16    Int: 23    God:    Gozag
Gold:   1893       SH:  0    Dex: 11    Spells: 11/25 levels left

rFire   + . .      SeeInvis +   k - +1 lajatang (spect)
rCold   . . .      Faith    .   (shield currently unavailable)
rNeg    . . .      Spirit   .   h - +2 robe {Will+}
rPois   .          Reflect  .   s - +1 hat {SInv}
rElec   .          Harm     .   f - scarf {repulsion}
rCorr   .          Rampage  ∞   w - +1 pair of gloves
Will    +....                   V - +3 pair of seven-league boots {Rampage+∞}
Stlth   ++++......              o - amulet of magic regeneration
HPRegen 0.24/turn               S - ring of protection from fire
MPRegen 0.62/turn               y - ring of magical power

@: mighty, repel missiles
A: antennae 2, repulsion field 1, ignite blood 3, powered by pain 2
a: Renounce Religion, Potion Petition, Call Merchant, Bribe Branch


You were on level 1 of the Lair of Beasts.
You worshipped Gozag.
Gozag was most pleased with you.
You visited 3 branches of the dungeon, and saw 13 of its levels.
You also visited: Ossuary, Bailey and Gauntlet.

You collected 2748 gold pieces.
You paid 855 gold pieces to Gozag.

Inventory:

Hand Weapons
 a - a +4 dagger of venom
 b - the +8 sling of Ambiguity {vorpal, Str+3 Int+6}
   (You found it on level 7 of the Dungeon)

   Any ammunition fired from it inflicts extra damage upon your enemies.
   Str:       It affects your strength (+3).
   Int:       It affects your intelligence (+6).
 c - the +9 staff of Olgreb {rPois∞}
   (You found it in a Gauntlet)

   If the wielder is skilled in Evocations, they can envenom those struck by it,
   dealing poison damage which bypasses armour.
   It enhances your poison magic.
   It grants immunity to poison.
   It can be activated via the 'a'bility menu to radiate toxic energy, with
   effectiveness depending on Evocations skill.
 d - the +8 autumn katana {vorpal, manifold assault}
   (You found it in a Gauntlet)

   It sometimes launches melee attacks against multiple visible enemies.
 k - a +1 spectral lajatang (weapon)
 t - a +1 falchion of venom
 A - a +1 antimagic flail
Missiles
 E - 9 atropa-tipped darts
 F - 6 silver javelins
 H - a throwing net
 U - 3 javelins
 W - 4 datura-tipped darts
 Y - 4 boomerangs of dispersal
Armour
 f - a scarf of repulsion (worn)
 g - a +1 buckler
 h - a +2 robe of willpower (worn)
 s - a +1 hat of see invisible (worn)
 u - a +2 scale mail of fire resistance
 w - a +1 pair of gloves (worn)
 J - a +2 ring mail of willpower
 V - the +3 pair of seven-league boots (worn) {Rampage+∞}
   (You found it in a bailey)

   Its wearer moves as far as possible in that direction when moving towards
   enemies.
 Z - a +0 ring mail of cold resistance
Jewellery
 i - a +6 ring of dexterity
 o - an amulet of magic regeneration (around neck)
 y - a ring of magical power (right hand)
 S - a ring of protection from fire (left hand)
 X - a ring of poison resistance
Wands
 r - a wand of quicksilver (9)
 x - a wand of roots (4)
 I - a wand of charming (10)
 P - a wand of flame (25)
 R - a wand of digging (14)
Scrolls
 e - a scroll of silence
 p - 4 scrolls of teleportation
 C - 3 scrolls of vulnerability
 M - a scroll of fog
 N - a scroll of amnesia
 O - a scroll of summoning
 Q - a scroll of brand weapon {unknown}
 T - a scroll of magic mapping
Potions
 j - 3 potions of brilliance
 l - 4 potions of lignification
 m - a potion of haste
 n - 5 potions of mutation
 q - 3 potions of curing
 v - a potion of might
 z - 6 potions of berserk rage {unknown}
 B - 5 potions of flight
 D - a potion of cancellation {unknown}
 G - 2 potions of attraction {unknown}
 K - a potion of ambrosia {unknown}
Miscellaneous
 L - a lightning rod (4/4)


   Skills:
 + Level 7.9 Fighting
 + Level 7.7 Dodging
 + Level 8.2 Stealth
 + Level 7.6 Spellcasting
 + Level 9.0 Conjurations
 - Level 5.0 Hexes
 + Level 2.9 Translocations
 + Level 2.9 Air Magic
 - Level 3.0 Poison Magic


You had 11 spell levels left.
You knew the following spells:

 Your Spells              Type           Power      Damage    Failure   Level
a - Magic Dart            Conj           100%       1d8       1%          1
b - Searing Ray           Conj           100%       2d8       1%          2
c - Dazzling Flash        Conj/Hex       82%        N/A       1%          3
d - Mephitic Cloud        Conj/Pois/Air  31%        N/A       2%          3
e - Iskenderun's Mystic   Conj/Tloc      36%        2d9       6%          4
f - Apportation           Tloc           44%        N/A       2%          1

Your spell library contained the following spells:

 Spells                   Type           Power      Damage    Failure   Level
 Tukima's Dance           Hex            31%        N/A       2%          3
 Portal Projectile        Hex/Tloc       54%        N/A       4%          3
 Fulminant Prism          Conj/Hex       20%        3d13      4%          4
 Iskenderun's Battlesphe  Conj           50%        2d10      4%          5
 Freeze                   Ice            32%        1d5       7%          1
 Necrotise                Necr           32%        1d5       7%          1
 Summon Small Mammal      Summ           32%        N/A       7%          1
 Hailstorm                Conj/Ice       29%        3d8       11%         4
 Ignite Poison            Fire/Tmut/Pois 13%        N/A       14%         3
 Call Canine Familiar     Summ           8%         N/A       22%         3
 Frozen Ramparts          Ice            16%        1d3       22%         3
 Passage of Golubria      Tloc           22%        N/A       22%         4
 Leda's Liquefaction      Hex/Erth       10%        N/A       26%         4
 Fireball                 Conj/Fire      14%        3d8       30%         5
 Freezing Cloud           Conj/Ice/Air   13%        6-21      36%         5
 Silence                  Hex/Air        13%        N/A       36%         5
 Yara's Violent Unravell  Hex/Tmut       10%        3d6       56%         5
 Conjure Ball Lightning   Conj/Air       18%        3x3d6     67%         6
 Orb of Destruction       Conj           25%        9d9       83%         7
 Starburst                Conj/Fire      14%        6d6       86%         6
 Agony                    Necr           8%         N/A       89%         5
 Borgnjor's Vile Clutch   Necr/Erth      4%         N/A       89%         5
 Death Channel            Necr           4%         N/A       100%        6
 Animate Dead             Necr           Unusable   N/A       N/A         4

Dungeon Overview and Level Annotations

Branches:
Dungeon (11/15)            Temple (1/1) D:6            Lair (1/5) D:11
    Orc (0/2) D:10        Ossuary (visited)          Bailey (visited)
Gauntlet (visited)

Altars:
Ashenzari
Cheibriados
Dithmenos
Fedhas
Gozag
Hepliaklqana
Kikubaaqudgha
Makhleb
Nemelex Xobeh
Okawaru
Qazlal
Ru
Sif Muna
Trog
Uskayaw
Vehumet
Wu Jian
Xom
Yredelemnul

Shops:
D:5 :   D:10 :


Innate Abilities, Weirdness & Mutations

You have a pair of antennae on your head.
You are surrounded by a mild repulsion field. (EV +2)
Your demonic aura causes all spilled blood to erupt in flames.
You sometimes gain power by taking damage.


Message History

Your +1 spectral lajatang hits the four-headed hydra!
Your +1 spectral lajatang chops one of the four-headed hydra's heads off!
The three-headed hydra grows two more!
The five-headed hydra is engulfed in blazing flames.
You swap places.
An electric eel comes into view.
The electric eel shoots out a bolt of lightning at you!
The bolt of electricity hits you!
You stride towards the five-headed hydra!
You lop one of the five-headed hydra's heads off!
The four-headed hydra grows two more!
You slash the six-headed hydra!
The six-headed hydra is lightly wounded.
Your +1 spectral lajatang hits the six-headed hydra!!
Your +1 spectral lajatang slices one of the six-headed hydra's heads off!
The five-headed hydra grows two more!
The seven-headed hydra is no longer blind.
The electric eel shoots out a bolt of lightning at you!
The bolt of electricity hits you!
The seven-headed hydra is engulfed in blazing flames.
The seven-headed hydra bites you!
The seven-headed hydra bites you but does no damage.
The seven-headed hydra bites you!
* * * LOW HITPOINT WARNING * * *
You focus on the pain.
You feel very mighty all of a sudden.
The seven-headed hydra barely misses you.
The seven-headed hydra misses you.
The seven-headed hydra closely misses you.
The seven-headed hydra bites you.
* * * LOW HITPOINT WARNING * * *
The electric eel shoots out a bolt of lightning at you!
The bolt of electricity hits you!
* * * LOW HITPOINT WARNING * * *
The seven-headed hydra is engulfed in blazing flames.
The seven-headed hydra barely misses you.
The seven-headed hydra bites you.
* * * LOW HITPOINT WARNING * * *
The seven-headed hydra bites you.
You die...
Your body crumbles into a pile of gold.

.................................
...................#######.P..#.#
#..................# ####.....
...................# ####.##..#..
#...P......P.~~....###...##(.....
...P~~P..~~~~~....'.'...###..#..
..P~PP~~~~~~~..§.###...###.....
..~~P~~~P~PP~§D§.# #...'.'..#..
..~~~~~~~~PP~(@..# #######.....
~PP~~≈≈P~~~○§○.# #..#(.
≈≈~~~~♣○..########P...##
≈≈≈≈≈~♣.§............... S≈≈≈≈
♣.###P#########P## ≈≈≈≈≈ ♣## ##
## ≈≈≈≈ ≈≈~♣


You could see a seven-headed hydra, an electric eel and a friendly +1 spectral
lajatang (summoned, wandering).

Vanquished Creatures
  A minotaur (Gauntlet)
  A boulder beetle (Lair:1)
  A two-headed ogre (D:10)
  An ugly thing (D:11)
  A gargoyle (D:10)
  3 cane toads (Lair:1)
  An unseen horror (D:11)
  A komodo dragon (D:8)
  A troll (D:10)
  4 blink frogs (Lair:1)
  2 hornets
  A vampire (D:9)
  11 yaks
  3 wraiths
  3 fire bats (Gauntlet)
  A shadow (D:10)
  2 wyverns
  2 steam dragons
  Grum (Lair:1)
  3 wargs (D:11)
  2 acid dragons
  3 water moccasins
  2 ice beasts
  9 orc warriors
  A black bear (D:6)
  2 wolves (Lair:1)
  2 centaurs
  An ogre (D:7)
  3 phantoms
  9 kobold brigands
  2 necrophages
  7 bullfrogs
  A scorpion (D:7)
  10 killer bees (D:9)
  5 electric eels
  8 howler monkeys
  3 hounds
  3 jellies
  5 orc priests
  4 gnoll boudas
  An iguana (D:5)
  Ijyb (D:5)
  6 orc wizards
  A mummy (Ossuary)
  16 gnolls
  14 adders
  3 white imps
  A worm (D:4)
  The ghost of Wentworth the Covert, a weakling GnDe (D:5)
  4 dart slugs
  37 orcs
  5 ball pythons
  6 bats
  4 endoplasms
  4 giant cockroaches
  8 goblins
  4 hobgoblins (D:4)
  11 jackals
  5 quokkas
  4 gnoll skeletons (Ossuary)
  28 kobolds
  8 kobold skeletons (Ossuary)
  13 orc skeletons (Ossuary)
  4 rats
315 creatures vanquished.

Vanquished Creatures (others)
  A steam dragon (D:9)
  2 kobolds (Bailey)
  A fungus (Lair:1)
  26 plants
30 creatures vanquished.

Grand Total: 345 creatures vanquished

Notes
Turn   | Place    | Note
-------+----------+-------------------------------------------
     0 | D:1      | croobank the Demonspawn Conjurer began the quest for the
                  | Orb.
     0 | D:1      | Reached XP level 1. HP: 13/13 MP: 3/3
   250 | D:1      | Gained mutation: You have a pair of small antennae on your
                  | head. [demonic ancestry]
   250 | D:1      | Reached XP level 2. HP: 19/20 MP: 1/5
   253 | D:1      | Learned a level 2 spell: Searing Ray
   318 | D:1      | Found a faded altar of an unknown god.
   901 | D:2      | Gained mutation: You sometimes gain a little power by
                  | taking damage. [demonic ancestry]
   901 | D:2      | Reached XP level 3. HP: 25/25 MP: 2/6
   905 | D:2      | Learned a level 3 spell: Dazzling Flash
   922 | D:2      | Reached skill level 1 in Fighting
  1454 | D:2      | Gained mutation: You are surrounded by a mild repulsion
                  | field. (EV +2) [demonic ancestry]
  1454 | D:2      | Reached XP level 4. HP: 32/32 MP: 7/7
  1908 | D:3      | Gained mutation: You sometimes gain power by taking damage.
                  | [demonic ancestry]
  1908 | D:3      | Reached XP level 5. HP: 38/38 MP: 3/9
  3334 | D:5      | Entered Level 5 of the Dungeon
  3347 | D:5      | Noticed Ijyb
  3356 | D:5      | Killed Ijyb
  3390 | D:5      | Reached skill level 1 in Hexes
  3390 | D:5      | Reached XP level 6. HP: 44/45 MP: 5/10
  3553 | D:5      | Found Effeceo's Book Shoppe.
  3660 | D:5      | Reached skill level 5 in Conjurations
  3660 | D:5      | Gained mutation: Your demonic aura sometimes causes spilled
                  | blood to erupt in flames. [demonic ancestry]
  3660 | D:5      | Reached XP level 7. HP: 45/51 MP: 8/12
  4168 | D:5      | Found a runed translucent door.
  4171 | D:5      | Noticed Wentworth's ghost (weakling GnDe)
  4182 | D:5      | Killed Wentworth's ghost
  4406 | D:6      | Gained mutation: Your demonic aura often causes spilled
                  | blood to erupt in flames. [demonic ancestry]
  4406 | D:6      | Reached XP level 8. HP: 17/58 MP: 4/14
  4753 | D:6      | Found a staircase to the Ecumenical Temple.
  4787 | Temple   | Entered the Ecumenical Temple
  4893 | Temple   | Became a worshipper of Gozag Ym Sagoz the Greedy
  5696 | D:6      | Found a hazy altar of Hepliaklqana.
  5802 | D:7      | Found an ancient bone altar of Kikubaaqudgha.
  5820 | D:7      | Reached skill level 6 in Conjurations
  5945 | D:7      | Reached skill level 5 in Stealth
  5973 | D:7      | Gained mutation: Your demonic aura causes all spilled blood
                  | to erupt in flames. [demonic ancestry]
  5973 | D:7      | Reached XP level 9. HP: 62/66 MP: 6/16
  6051 | D:7      | Reached skill level 5 in Spellcasting
  6054 | D:7      | Found a blossoming altar of Fedhas.
  6106 | D:7      | Reached skill level 5 in Dodging
  6183 | D:7      | Reached skill level 5 in Fighting
  6591 | D:7      | Identified the +8 sling of Ambiguity {vorpal, Str+3 Int+6}
  6718 | D:7      | Found a burning altar of Makhleb.
  6964 | D:8      | Found a sand-covered staircase.
  6992 | Ossuary  | Entered an ossuary
  7320 | D:8      | Paralysed by a hornet for 1 turns
  7721 | D:8      | Reached skill level 5 in Hexes
  7821 | D:8      | Reached skill level 7 in Conjurations
  7907 | D:8      | Noticed a komodo dragon
  7911 | D:8      | Killed a komodo dragon
  8390 | D:9      | Reached XP level 10. HP: 67/76 MP: 18/18
 10087 | D:10     | Entered Level 10 of the Dungeon
 10087 | D:10     | Found a flagged portal.
 10097 | D:10     | Reached skill level 8 in Conjurations
 10367 | Bailey   | Entered a bailey
 10468 | Bailey   | Identified the +2 chain mail of Experimentation {-Tele
                  | rPois rCorr Str+4}
 10579 | Bailey   | Found the +3 pair of seven-league boots {Rampage+∞}
 10950 | Bailey   | Found an iron altar of Okawaru.
 11076 | D:10     | Learned a level 3 spell: Mephitic Cloud
 11081 | D:10     | Learned a level 4 spell: Iskenderun's Mystic Blast
 11084 | D:10     | Noticed a gargoyle
 11093 | D:10     | Killed a gargoyle
 11166 | D:10     | Gained mutation: You have a pair of antennae on your head.
                  | [demonic ancestry]
 11166 | D:10     | Reached XP level 11. HP: 75/84 MP: 11/21
 11320 | D:10     | Reached skill level 1 in Poison Magic
 11321 | D:10     | Reached skill level 1 in Translocations
 11321 | D:10     | Reached skill level 1 in Air Magic
 11326 | D:10     | Found a staircase to the Orcish Mines.
 11430 | D:10     | Found Jifiss's Book Shop.
 11488 | D:10     | Noticed a two-headed ogre
 11500 | D:10     | Killed a two-headed ogre
 11823 | D:11     | Noticed a white ugly thing
 11835 | D:11     | Killed a white ugly thing
 12130 | D:11     | Noticed a boulder beetle
 12288 | D:11     | Found a staircase to the Lair.
 12312 | D:11     | Noticed a skeletal warrior
 12313 | Lair:1   | Entered Level 1 of the Lair of Beasts
 12342 | Lair:1   | Killed a boulder beetle
 12647 | Lair:1   | Found a gate leading to a gauntlet.
 12669 | Gauntlet | Entered a Gauntlet
 12669 | Gauntlet | Found a large runed translucent door.
 12669 | Gauntlet | Found a large runed translucent door.
 12669 | Gauntlet | Found a large runed translucent door.
 12669 | Gauntlet | Found a large runed translucent door.
 12669 | Gauntlet | Found a large runed translucent door.
 12669 | Gauntlet | Found a large runed translucent door.
 12669 | Gauntlet | Found a runed translucent door.
 12669 | Gauntlet | Found a transporter.
 12669 | Gauntlet | Found a runed translucent door.
 12669 | Gauntlet | Found a large runed translucent door.
 12669 | Gauntlet | Found a large runed translucent door.
 12669 | Gauntlet | Found a large runed translucent door.
 12669 | Gauntlet | Found a large runed translucent door.
 12669 | Gauntlet | Found a large runed translucent door.
 12669 | Gauntlet | Found a large runed translucent door.
 12670 | Gauntlet | Noticed a death scarab
 12679 | Gauntlet | Found a large runed translucent door.
 12679 | Gauntlet | Found a large runed translucent door.
 12679 | Gauntlet | Found a large runed translucent door.
 12679 | Gauntlet | Found a large runed translucent door.
 12686 | Gauntlet | Found a runed translucent gate.
 12686 | Gauntlet | Found a runed translucent gate.
 12686 | Gauntlet | Found a transporter.
 12686 | Gauntlet | Found a runed translucent gate.
 12687 | Gauntlet | Found the +8 autumn katana {vorpal, manifold assault}
 12688 | Gauntlet | Found a transporter.
 12691 | Gauntlet | Found a transporter.
 12691 | Gauntlet | Found a transporter.
 12691 | Gauntlet | Noticed a fire crab
 12692 | Gauntlet | Found a transporter.
 12695 | Gauntlet | Noticed a glowing orange brain
 12698 | Gauntlet | Noticed a red ugly thing
 12700 | Gauntlet | Noticed a wretched star
 12701 | Gauntlet | Found a transporter.
 12706 | Gauntlet | Noticed a red ugly thing
 12708 | Gauntlet | Found a transporter.
 12712 | Gauntlet | Found the +9 staff of Olgreb {rPois∞}
 12755 | Gauntlet | Learned a level 1 spell: Apportation
 12947 | Gauntlet | Noticed a minotaur
 12968 | Gauntlet | Killed a minotaur
 13417 | Lair:1   | Noticed Grum
 13419 | Lair:1   | Killed Grum
 13598 | Lair:1   | Reached skill level 9 in Conjurations
 13859 | Lair:1   | Noticed a four-headed hydra
 13863 | Lair:1   | HP: 2/86 [seven-headed hydra (6)]
 13863 | Lair:1   | Slain by a seven-headed hydra

Illustrated notes

Levels and vault maps discovered:
D:1:      amcnicky_arrival_double_pillar, layout_rooms,
          hellmonk_ecumenical_altar_dog_temple, hangedman_decor_lopped
D:2:      layout_rooms, nicolae_hexahallways
D:3:      kennysheep_big_flooded_room, layout_rooms
D:4:      layout_gridville
D:5:      layout_basic, ebering_ghost_sewer_d, serial_shops,
          nicolae_take_the_stairs, kennysheep_flooded_box, uniq_ijyb
D:6:      layout_cave_pools, marbit_many_paths, minmay_temple_entry_tees,
          serial_column_ruins, column_ruins_corridor_water,
          column_ruins_open_medium, column_ruins_grid_4,
          column_ruins_open_small, serial_bayou_lagoon_a, water_boxes_lemuel
D:7:      layout_gridville, nicolae_overflow_squiral,
          fedhas_bush_and_centaur_altar, mainiacjoe_overflow_big_doors,
          minivault_26, minmay_chambers_of_fives
D:8:      layout_basic, enter_ossuary_5, minmay_misc_feat_cross,
          minmay_misc_feat_room, kennysheep_generic_room_11
D:9:      layout_stronghold, statue_in_the_mist_lemuel, nrook_pool_corridor
D:10:     layout_rooms, david_orc_2, enter_bailey_3, serial_shops, shop
D:11:     layout_small_grid, erik_lair_orcish_takeover
Temple:   minmay_temple_bridge_d
Lair:1:   layout_regular_city, gauntlet_entry_generic, serial_bayou_shore_a,
          uniq_grum

Skill      XL: |  1  2  3  4  5  6  7  8  9 10 11 |
---------------+----------------------------------+-----
Stealth        | 2 3 4 5 6 7 8 |  8.2
Dodging        | 2 3 4 5 6 7 |  7.7
Fighting       | 1 2 3 4 5 7 |  7.9
Spellcasting   | 3 4 5 7 |  7.6
Hexes          | 1 2 4 5 |  5.0
Conjurations   | 5 6 7 8 9 |  9.0
Poison Magic   | 3 |  3.0
Translocations | 2 |  2.9
Air Magic      | 2 |  2.9

Action                   |  1- 3 |  4- 6 |  7- 9 | 10-12 || total
-------------------------+-------+-------+-------+-------++-------
Melee: Unarmed           |    12 |       |       |       ||    12
       Dagger            |    15 |    84 |    88 |   167 ||   354
       Punch             |       |     2 |     1 |     3 ||     6
       Lajatang          |       |       |       |    20 ||    20
       Katana            |       |       |       |     5 ||     5
 Fire: Sling             |       |       |    74 |    85 ||   159
 Cast: Magic Dart        |    41 |    39 |   120 |    13 ||   213
       Searing Ray       |     6 |    17 |    50 |    47 ||   120
       Dazzling Flash    |       |       |       |    12 ||    12
       Mephitic Cloud    |       |       |       |     7 ||     7
       Iskenderun's Myst |       |       |       |     7 ||     7
       Apportation       |       |       |       |     1 ||     1
Invok: Potion Petition   |       |       |       |     2 ||     2
Evoke: Wand              |       |       |     2 |     6 ||     8
  Use: Scroll            |       |     7 |    11 |    11 ||    29
       Potion            |       |     1 |     1 |    11 ||    13
 Stab: Sleeping          |     2 |     6 |     4 |     3 ||    15
       Invisible         |       |       |       |     1 ||     1
       Distracted        |       |       |       |     1 ||     1
Armor: Robe              |     8 |    29 |    38 |    97 ||   172
Dodge: Dodged            |    28 |    89 |   101 |   352 ||   570
